[Event "Titled Tuesday Blitz December 20 Early 2022"]
[White "Najdoski, Toni"]
[Black "Badlyplayed"]
[WhiteFideId "15001334"]
[WhiteElo "2598"]
[BlackElo "2262"]
[Result "1-0"]
[Round "09"]
[TimeControl "180+2"]
[Date "2022.12.20"]
[WhiteClock "0:00:51"]
[BlackClock "0:00:01"]

1. e4 c5 2. Nc3 Nc6 3. Bb5 g6 4. Bxc6 bxc6 5. f4 Bg7 6. Nf3 d6 7. d3 Nf6 8. O-O O-O 9. Qe1 Bg4 10. f5 Bxf3 11. Rxf3 Ng4 12. Qh4 h5 13. h3 Ne5 14. Rg3 Bf6 15. Qxh5 Bg7 16. Qh4 Qb6 17. Qxe7 Qd8 18. Bg5 f6 19. Qxd8 Rfxd8 20. Bf4 g5 21. Bxe5 dxe5 22. b3 Kf7 23. Rf3 a5 24. Na4 Bf8 25. Nb6 Rab8 26. Nc4 a4 27. g3 axb3 28. axb3 Ra8 29. Rff1 Be7 30. Kg2 Bf8 31. Kf3 Be7 32. Ke2 Bf8 33. Nb6 Rxa1 34. Rxa1 Rb8 35. Nc4 Be7 36. Ra7 Ke8 37. Na5 Rb6 38. h4 Bd6 39. Nc4 Bb8 40. Nxb6 Bxa7 41. Nc8 1-0


[Site "https://www.chess.com"]

[Event "Titled Tuesday Blitz December 20 Early 2022"]
[White "Nau, Guenter"]
[Black "Forgacs, Gyula"]
[WhiteFideId "4661419"]
[BlackFideId "701203"]
[WhiteElo "2205"]
[BlackElo "2305"]
[Result "0-1"]
[Round "09"]
[TimeControl "180+2"]
[Date "2022.12.20"]
[WhiteClock "0:00:05"]
[BlackClock "0:00:46"]

1. d4 Nf6 2. c4 d6 3. Nc3 Nbd7 4. Nf3 g6 5. e4 e5 6. Bg5 Bg7 7. dxe5 dxe5 8. Nd5 c6 9. Nxf6+ Bxf6 10. Bh6 Nc5 11. Qc2 Qa5+ 12. Bd2 Qc7 13. Bh6 Bg4 14. Be2 O-O-O 15. O-O Ne6 16. Be3 Kb8 17. Rfd1 Bxf3 18. Bxf3 Nd4 19. Bxd4 exd4 20. g3 h5 21. Bg2 h4 22. f4 hxg3 23. hxg3 d3 24. Rxd3 Bd4+ 25. Kf1 Rh2 26. Qd1 c5 27. b4 Rdh8 28. Rxd4 cxd4 29. Qxd4 Rd8 30. Qc3 g5 31. e5 gxf4 32. gxf4 Rg8 33. Be4 Qb6 34. c5 Qb5+ 35. Qd3 Qxd3+ 36. Bxd3 Rh1+ 0-1


[Site "https://www.chess.com"]

[Event "Titled Tuesday Blitz December 20 Early 2022"]
[White "Nemegejas"]
[Black "sergeikim"]
[WhiteElo "2883"]
[BlackElo "2606"]
[Result "1-0"]
[Round "09"]
[TimeControl "180+2"]
[Date "2022.12.20"]
[WhiteClock "0:01:20"]
[BlackClock "0:00:02"]

1. Nf3 Nf6 2. b3 g6 3. Bb2 Bg7 4. c4 d6 5. e3 O-O 6. Nc3 e5 7. Be2 e4 8. Nd4 Re8 9. O-O a6 10. f3 c5 11. Nc2 Nc6 12. Nxe4 Nxe4 13. Bxg7 Nxd2 14. Qxd2 Kxg7 15. Rad1 Be6 16. Qxd6 Qxd6 17. Rxd6 Red8 18. Rfd1 Rxd6 19. Rxd6 Kf6 20. f4 Ke7 21. Rd2 Bf5 22. Bf3 Bxc2 23. Rxc2 Rd8 24. Bxc6 bxc6 25. Kf2 Rd1 26. Ke2 Rg1 27. Kd3 f5 28. Re2 Rd1+ 29. Kc2 Rh1 30. h3 Rg1 31. Kb2 h6 32. Ka3 Kd6 33. Ka4 Kc7 34. Ka5 Kb7 35. Rd2 g5 36. Rd7+ Kc8 37. Rd2 Kb7 38. a4 Rb1 39. Rd7+ Kc8 40. Rf7 Rxb3 41. Kxa6 Rb4 42. a5 gxf4 43. exf4 Rxc4 44. Rxf5 Kc7 45. g4 Rc1 46. Rf7+ Kc8 47. Kb6 c4 48. Kxc6 Kb8 49. Rb7+ Ka8 50. Rb4 Ka7 51. f5 Ka6 52. Kd5 c3 53. Kc4 Kxa5 54. Rb5+ Ka6 55. Re5 c2 56. Kc3 1-0


[Site "https://www.chess.com"]

[Event "Titled Tuesday Blitz December 20 Early 2022"]
[White "NovikovaGalina"]
[Black "Harkness, Bryan"]
[BlackFideId "444227"]
[WhiteElo "2400"]
[BlackElo "1935"]
[Result "1-0"]
[Round "09"]
[TimeControl "180+2"]
[Date "2022.12.20"]
[WhiteClock "0:00:57"]
[BlackClock "0:00:19"]

1. d4 Nf6 2. Nc3 d5 3. Bf4 c6 4. e3 Bf5 5. f3 e6 6. g4 Bg6 7. h4 h6 8. Bd3 Bxd3 9. Qxd3 Bd6 10. Nge2 Bxf4 11. Nxf4 Nbd7 12. O-O-O e5 13. dxe5 Nxe5 14. Qf5 Qe7 15. g5 Nfd7 16. g6 O-O-O 17. gxf7 Qxf7 18. Qxf7 Nxf7 19. e4 dxe4 20. Nxe4 Nde5 21. Rdf1 g5 22. Ne6 Rde8 23. Ng7 Reg8 24. Nf5 Re8 25. hxg5 hxg5 26. Nfd6+ Kd7 27. Nxe8 Rxe8 28. Nf6+ Ke7 29. Nxe8 Kxe8 30. f4 gxf4 31. Rxf4 Ke7 32. a3 Ke6 33. Re1 b5 34. Kb1 a5 35. Rh4 a4 36. Rd1 Nd6 37. Rh6+ 1-0


[Site "https://www.chess.com"]

[Event "Titled Tuesday Blitz December 20 Early 2022"]
[White "NowInChess"]
[Black "talaicito"]
[WhiteElo "2177"]
[BlackElo "2293"]
[Result "0-1"]
[Round "09"]
[TimeControl "180+2"]
[Date "2022.12.20"]
[WhiteClock "0:00:01"]
[BlackClock "0:00:11"]

1. e4 c5 2. d3 d6 3. g3 Nc6 4. Bg2 g6 5. f4 Bg7 6. Nf3 e6 7. O-O Nge7 8. c3 O-O 9. Be3 Rb8 10. d4 cxd4 11. cxd4 d5 12. e5 Nf5 13. Bf2 h5 14. Nc3 Na5 15. b3 b5 16. Rc1 b4 17. Na4 Ba6 18. Re1 Bb5 19. Nc5 Nb7 20. h3 Nh6 21. Nd3 a5 22. Qd2 Qb6 23. Be3 Rfc8 24. Bf2 Bf8 25. Nh2 Nf5 26. Nf3 Nh6 27. Nh2 Qa6 28. Bf1 Kg7 29. g4 hxg4 30. hxg4 Be7 31. Be3 Rc3 32. Rxc3 bxc3 33. Qxc3 Nd8 34. Rc1 Qb6 35. Qd2 a4 36. f5 Ng8 37. f6+ Nxf6 38. exf6+ Bxf6 39. Ne5 Bxf1 40. Nxf1 axb3 41. axb3 Qxb3 42. g5 Be7 43. Nd7 Rb7 44. Nc5 Bxc5 45. Rxc5 Qb1 46. Bf4 Qf5 47. Be5+ Kf8 48. Rc8 Ke8 49. Bf6 Rd7 50. Bxd8 Rxd8 51. Rxd8+ Kxd8 52. Qa5+ Kd7 53. Qd2 Qg4+ 54. Kh2 Qh4+ 55. Kg2 Qe4+ 56. Kf2 Qh4+ 57. Ng3 Qh2+ 58. Ke1 Qxg3+ 59. Kd1 Qb3+ 60. Ke1 Qb1+ 61. Kf2 Qf5+ 62. Kg2 e5 63. dxe5 Qe4+ 0-1


[Site "https://www.chess.com"]

[Event "Titled Tuesday Blitz December 20 Early 2022"]
[White "Nyambe, Maketo"]
[Black "Linhart, Wolfgang"]
[WhiteFideId "8700915"]
[BlackFideId "4636244"]
[WhiteElo "2091"]
[BlackElo "2114"]
[Result "1-0"]
[Round "09"]
[TimeControl "180+2"]
[Date "2022.12.20"]
[WhiteClock "0:00:05"]
[BlackClock "0:00:01"]

1. e4 c5 2. Nf3 d6 3. d4 cxd4 4. Nxd4 Nf6 5. Nc3 Nc6 6. Bg5 e6 7. Qd2 a6 8. O-O-O Bd7 9. f3 b5 10. Nxc6 Bxc6 11. Ne2 Qc7 12. Bxf6 gxf6 13. Nd4 Rc8 14. Nxc6 Qxc6 15. Kb1 Bh6 16. Qd3 O-O 17. g3 Rfd8 18. f4 Bf8 19. Bg2 a5 20. Rd2 Qc4 21. Qf3 b4 22. Rhd1 a4 23. Bf1 Qc6 24. f5 e5 25. Qg4+ Kh8 26. Qh4 Bg7 27. Bd3 a3 28. g4 axb2 29. g5 Ra8 30. gxf6 Qa4 31. fxg7+ Kg8 32. Bc4 Rdc8 33. Bb3 Qa7 34. Rxd6 Rc3 35. Qf6 Re8 36. Rd8 Rc8 37. R8d7 Qf2 38. Qxf7# 1-0


[Site "https://www.chess.com"]

[Event "Titled Tuesday Blitz December 20 Early 2022"]
[White "OparinGrigoriy"]
[Black "Narayanan, Srinath"]
[BlackFideId "5018420"]
[WhiteElo "3013"]
[BlackElo "2559"]
[Result "1-0"]
[Round "09"]
[TimeControl "180+2"]
[Date "2022.12.20"]
[WhiteClock "0:00:41"]
[BlackClock "0:00:38"]

1. d4 Nf6 2. c4 e6 3. Nf3 d5 4. Nc3 h6 5. cxd5 exd5 6. Bf4 c6 7. e3 Bd6 8. Bd3 O-O 9. Qc2 Re8 10. Ne5 Nh5 11. O-O-O Nxf4 12. exf4 a5 13. Rhe1 Na6 14. Nxf7 Bxf4+ 15. Kb1 Qd7 16. Bh7+ Kf8 17. Nh8 Nb4 18. Qg6 Re6 19. Qxe6 Qxe6 20. Ng6+ Qxg6+ 21. Bxg6 Bd7 22. Na4 Rd8 23. Nc5 Bc8 24. Ne6+ Bxe6 25. Rxe6 Na6 26. Rde1 Nc7 27. Re7 Bd6 28. Rf7+ Kg8 29. a4 b6 30. h4 c5 31. h5 cxd4 32. Kc2 Na6 33. Rb7 Rc8+ 34. Kd1 Nc5 35. Rxb6 Bf4 36. Rc6 1-0


[Site "https://www.chess.com"]

[Event "Titled Tuesday Blitz December 20 Early 2022"]
[White "Ordekalog"]
[Black "Viktorin, Tomas"]
[BlackFideId "328316"]
[WhiteElo "2796"]
[BlackElo "1971"]
[Result "1-0"]
[Round "09"]
[TimeControl "180+2"]
[Date "2022.12.20"]
[WhiteClock "0:01:14"]
[BlackClock "0:00:24"]

1. e4 c6 2. d4 d5 3. exd5 cxd5 4. c4 Nf6 5. Nc3 Nc6 6. Nf3 Bg4 7. Be3 e6 8. cxd5 Nxd5 9. Be2 Nxc3 10. bxc3 Be7 11. O-O O-O 12. h3 Bh5 13. Rb1 b6 14. Qa4 Na5 15. Rfd1 Rc8 16. Rbc1 Bxf3 17. Bxf3 Rc4 18. Qb5 Qc8 19. Rd3 Qc7 20. Bd2 Rc8 21. Re1 Qd8 22. Qh5 R8c5 23. Qg4 Rb5 24. Be2 Rb2 25. Rg3 Bf6 26. Bh6 g6 27. Bxc4 Nxc4 28. Rxe6 fxe6 29. Qxe6+ Kh8 30. Qxc4 Qb8 31. Qf7 Rb1+ 32. Kh2 Rf1 33. Bf4 Qd8 34. Re3 1-0


[Site "https://www.chess.com"]

[Event "Titled Tuesday Blitz December 20 Early 2022"]
[White "Paspuel, Trosky"]
[Black "Dadic, Ivan"]
[WhiteFideId "3602150"]
[BlackFideId "14531364"]
[WhiteElo "1721"]
[BlackElo "2080"]
[Result "1-0"]
[Round "09"]
[TimeControl "180+2"]
[Date "2022.12.20"]
[WhiteClock "0:00:04"]
[BlackClock "0:00:18"]

1. c4 Nf6 2. Nc3 g6 3. e4 e5 4. Nf3 Bg7 5. d4 exd4 6. Nxd4 O-O 7. Be2 Re8 8. f3 c6 9. Nc2 d5 10. cxd5 cxd5 11. exd5 Qb6 12. Qd4 Qxd4 13. Nxd4 Rd8 14. Ndb5 Na6 15. Bg5 Bf5 16. O-O Nb4 17. Rad1 h6 18. Bxf6 Bxf6 19. a3 Nc2 20. Kf2 a6 21. Nc7 Rac8 22. d6 Bd4+ 23. Rxd4 Nxd4 24. N3d5 Rxd6 25. Rd1 Nxe2 26. Kxe2 Re6+ 27. Nxe6 Rc2+ 28. Rd2 Rxd2+ 29. Kxd2 Bxe6 30. Ne3 Kf8 31. Kc3 Ke7 32. Kd4 Bd7 33. b4 Bc6 34. Nd5+ Kd6 35. Nb6 Kc7 36. Nc4 Kd7 37. Ne5+ Ke6 38. Nxc6 bxc6 39. Kc5 Kd7 40. Kb6 Kd6 41. Kxa6 f5 42. a4 g5 43. Kb6 1-0


[Site "https://www.chess.com"]

[Event "Titled Tuesday Blitz December 20 Early 2022"]
[White "Patricks, Anastasia"]
[Black "CaptainCasanova"]
[WhiteFideId "7101929"]
[WhiteElo "1778"]
[BlackElo "2584"]
[Result "1-0"]
[Round "09"]
[TimeControl "180+2"]
[Date "2022.12.20"]
[WhiteClock "0:00:22"]
[BlackClock "0:00:05"]

1. c4 Nf6 2. g3 g6 3. Bg2 Bg7 4. Nc3 O-O 5. Nf3 d6 6. d4 Nc6 7. O-O Bf5 8. Nh4 Bd7 9. Nf3 Bf5 10. Nh4 Bd7 11. Re1 a6 12. b4 Nxb4 13. Rb1 c5 14. d5 Ne8 15. Bd2 Bxc3 16. Bxc3 Nxa2 17. Bd2 b5 18. e4 bxc4 19. e5 dxe5 20. Qe2 c3 21. Bh6 Nb4 22. Bxf8 Kxf8 23. Qxe5 f6 24. Qxc3 Rc8 25. Qe3 Nd6 26. Rbc1 c4 27. Bf1 Nxd5 28. Qh6+ Kg8 29. Rcd1 Nb4 30. Nxg6 hxg6 31. Qxg6+ Kf8 32. Rd4 Rc5 33. Rh4 Nf7 34. Rh7 Be6 35. Rxe6 1-0


[Site "https://www.chess.com"]

[Event "Titled Tuesday Blitz December 20 Early 2022"]
[White "Pitcher, John"]
[Black "Schattmann, Alfred"]
[WhiteFideId "411485"]
[BlackFideId "4662377"]
[WhiteElo "2210"]
[BlackElo "1746"]
[Result "1/2-1/2"]
[Round "09"]
[TimeControl "180+2"]
[Date "2022.12.20"]
[WhiteClock "0:02:12"]
[BlackClock "0:02:01"]

1. e4 e5 2. Nc3 Nf6 3. d4 exd4 4. Qxd4 Nc6 5. Qd3 Bb4 6. Bd2 d6 7. O-O-O O-O 8. Nge2 Ne5 9. Qg3 Nh5 10. Qg5 Qxg5 11. Bxg5 f6 12. Bh4 g5 13. Bg3 Nxg3 1/2-1/2


[Site "https://www.chess.com"]

[Event "Titled Tuesday Blitz December 20 Early 2022"]
[White "Poh, Yu Tian"]
[Black "Artels, Lieven"]
[WhiteFideId "5734088"]
[BlackFideId "205834"]
[WhiteElo "2367"]
[BlackElo "1984"]
[Result "1-0"]
[Round "09"]
[TimeControl "180+2"]
[Date "2022.12.20"]
[WhiteClock "0:02:08"]
[BlackClock "0:00:12"]

1. b3 Nf6 2. Bb2 e6 3. c4 d5 4. Nf3 Nc6 5. e3 Bd7 6. a3 a6 7. Qc2 Be7 8. Be2 Ne4 9. O-O dxc4 10. Qxe4 cxb3 11. Bxg7 Rg8 12. Qxh7 Rxg7 13. Qxg7 Bf6 14. Qg8+ Ke7 15. Qxd8+ Rxd8 16. d4 Na5 17. Nbd2 Ba4 18. Rab1 c5 19. Nc4 Nxc4 20. Bxc4 b5 21. Bxb3 cxd4 22. Bxa4 bxa4 23. exd4 Bxd4 24. Rb4 1-0


[Site "https://www.chess.com"]

[Event "Titled Tuesday Blitz December 20 Early 2022"]
[White "Rakesh, Kumar Jena"]
[Black "Truequitos"]
[WhiteFideId "5084822"]
[WhiteElo "2303"]
[BlackElo "2536"]
[Result "0-1"]
[Round "09"]
[TimeControl "180+2"]
[Date "2022.12.20"]
[WhiteClock "0:00:01"]
[BlackClock "0:00:04"]

1. Nf3 d5 2. b3 Nf6 3. Bb2 c6 4. e3 Bf5 5. c4 e6 6. Nc3 Bd6 7. d4 O-O 8. Bd3 Bg6 9. O-O Nbd7 10. Rc1 Qe7 11. Re1 Rfd8 12. h3 e5 13. dxe5 Nxe5 14. cxd5 cxd5 15. Bxg6 hxg6 16. Nb5 Nxf3+ 17. Qxf3 Be5 18. Bxe5 Qxe5 19. Red1 Ne4 20. Qf4 Qb2 21. f3 Qf2+ 22. Kh2 g5 23. Qg4 Nd2 24. Nc7 Rac8 25. Nxd5 Rxc1 26. Rxc1 Nf1+ 27. Kh1 Ng3+ 28. Kh2 Ne2 29. Ne7+ Kf8 30. Qxg5 f6 31. Ng6+ Kg8 32. Qa5 b6 33. Qa4 Nxc1 34. Qc4+ Kh7 35. Qe4 Kh6 0-1


[Site "https://www.chess.com"]

[Event "Titled Tuesday Blitz December 20 Early 2022"]
[White "Rapy, Francois"]
[Black "Zozik, S. Mohammed"]
[WhiteFideId "26041324"]
[BlackFideId "4803280"]
[WhiteElo "1642"]
[BlackElo "2116"]
[Result "0-1"]
[Round "09"]
[TimeControl "180+2"]
[Date "2022.12.20"]
[WhiteClock "0:00:02"]
[BlackClock "0:00:07"]

1. e4 c5 2. Nc3 d6 3. d4 cxd4 4. Qxd4 Nc6 5. Qd2 Nf6 6. b3 Qa5 7. Bb2 Bd7 8. O-O-O Rc8 9. Kb1 g6 10. f3 Bg7 11. Nd5 Qxd2 12. Rxd2 e5 13. Nxf6+ Bxf6 14. Rxd6 Be6 15. Bb5 O-O 16. Bxc6 bxc6 17. Ne2 Be7 18. Rd3 f6 19. c4 a5 20. Nc3 Kf7 21. Na4 h5 22. h4 Rb8 23. Kc2 Rb7 24. Bc3 Ra8 25. Bd2 f5 26. Bc3 Kf6 27. f4 fxe4 28. Bxe5+ Kf7 29. Re3 Rd8 30. Rd1 Ra8 31. Rd2 Rb4 32. Bc3 Rb7 33. g3 Bf5 34. Kc1 Ba3+ 35. Bb2 Bb4 36. Bc3 Ba3+ 37. Kd1 Rc8 38. Bb2 Be7 39. Bc3 Ra8 40. Bb2 Ke6 41. Bc3 Bd6 42. Ke1 g5 43. hxg5 h4 44. gxh4 Bxf4 45. Rde2 Bxe3 46. Rxe3 Rh7 47. Nc5+ Kf7 48. Nxe4 Rxh4 49. Nd6+ Kg6 50. Rf3 Bd7 51. Bf6 a4 52. Re3 axb3 53. axb3 Ra2 54. Re2 Rh1+ 55. Kf2 Rh2+ 56. Kf3 Rhxe2 0-1


[Site "https://www.chess.com"]

[Event "Titled Tuesday Blitz December 20 Early 2022"]
[White "Roman_Ovetchkin"]
[Black "Arnaldofdelavaramulet"]
[WhiteElo "2702"]
[BlackElo "2648"]
[Result "0-1"]
[Round "09"]
[TimeControl "180+2"]
[Date "2022.12.20"]
[WhiteClock "0:00:22"]
[BlackClock "0:00:05"]

1. d4 c5 2. d5 Nf6 3. Nc3 a6 4. e4 d6 5. a4 g6 6. h3 Bg7 7. Nf3 O-O 8. Bc4 Nbd7 9. O-O Ne8 10. Bf4 Nc7 11. Qd2 Rb8 12. Bh6 b5 13. Bxg7 Kxg7 14. axb5 axb5 15. Be2 Nb6 16. b3 Bd7 17. Rfe1 b4 18. Nd1 e6 19. Ne3 exd5 20. exd5 Qf6 21. Ra7 Rfc8 22. Bc4 Ra8 23. Rb7 Rab8 24. Rxb8 Rxb8 25. Ng4 Bxg4 26. hxg4 Re8 27. g5 Qc3 28. Rxe8 Qxd2 29. Nxd2 Nxe8 30. Ne4 Kf8 31. f4 Ke7 32. Kf2 f5 33. gxf6+ Nxf6 34. Nxf6 Kxf6 35. Kf3 h5 36. Ke4 g5 37. Be2 gxf4 38. Bxh5 Kg5 39. Be8 Nc8 40. Bd7 Ne7 41. Be6 Ng6 42. Bf5 Ne5 43. Be6 Ng6 44. Bf5 Nf8 45. Bc8 Nh7 46. Be6 Nf6+ 47. Kf3 Nh5 48. Bf7 Ng3 49. Be6 Nf1 50. Ke2 Ne3 51. Kd3 Nxg2 52. c3 Ne3 53. cxb4 cxb4 54. Ke4 Nf1 55. Bh3 Nd2+ 56. Kd3 Nxb3 57. Kc4 Nc5 58. Kxb4 f3 59. Kb5 Kf4 60. Kc6 Ne4 61. Kd7 f2 62. Ke6 Ng5+ 63. Kxd6 Nxh3 64. Kc7 f1=Q 65. d6 Qc4+ 66. Kd8 Qg8+ 67. Kc7 Ng5 68. d7 Nf7 0-1


[Site "https://www.chess.com"]

[Event "Titled Tuesday Blitz December 20 Early 2022"]
[White "Roshka, Yevgeniy"]
[Black "Crone, Stephan"]
[WhiteFideId "14129558"]
[BlackFideId "4670175"]
[WhiteElo "2429"]
[BlackElo "1860"]
[Result "0-1"]
[Round "09"]
[TimeControl "180+2"]
[Date "2022.12.20"]
[WhiteClock "0:00:01"]
[BlackClock "0:00:30"]

1. d4 g6 2. c4 Bg7 3. g3 Nf6 4. Bg2 d6 5. Nf3 O-O 6. O-O Nc6 7. Nc3 a6 8. Bg5 Rb8 9. d5 Na5 10. Nd2 h6 11. Bf4 c5 12. dxc6 bxc6 13. Qc1 e5 14. Be3 Ng4 15. Ba7 Rb7 16. b4 Rxb4 17. h3 Nf6 18. Be3 Nxc4 19. Nxc4 Rxc4 20. Qa3 d5 21. Bc5 Re8 22. Rac1 Nd7 23. Bd6 Re6 24. Nxd5 cxd5 25. Bxd5 Rxc1 26. Rxc1 Re8 27. Qb3 Qf6 28. Rd1 Nf8 29. Qb8 Bd7 30. Qc7 Be6 31. Bc6 Rc8 32. Qb7 Qd8 33. Ba4 Ra8 0-1


[Site "https://www.chess.com"]

[Event "Titled Tuesday Blitz December 20 Early 2022"]
[White "Rostolis, Riccardo"]
[Black "Ekat, Michael"]
[WhiteFideId "819948"]
[BlackFideId "4689801"]
[WhiteElo "1968"]
[BlackElo "2051"]
[Result "1/2-1/2"]
[Round "09"]
[TimeControl "180+2"]
[Date "2022.12.20"]
[WhiteClock "0:00:10"]
[BlackClock "0:00:23"]

1. e4 c6 2. d4 d5 3. exd5 cxd5 4. c4 e6 5. Nc3 Nf6 6. Nf3 Bb4 7. Bd2 O-O 8. cxd5 Nxd5 9. Bd3 h6 10. O-O b6 11. Qe2 Bb7 12. Qe4 g6 13. Bxh6 Re8 14. Qe5 Qf6 15. Nxd5 Qxe5 16. Nxe5 Bxd5 17. Bb5 Rd8 18. Bg5 Rf8 19. Bh6 Rd8 20. a3 Bd6 21. Rac1 a6 22. Be2 Nd7 23. Nxd7 Rxd7 24. Rc3 Be7 25. Rfc1 Bf6 26. Be3 b5 27. Rc8+ Rxc8 28. Rxc8+ Kg7 29. b4 Bb7 30. Rb8 e5 31. dxe5 Bxe5 32. Re8 Bf6 33. f3 Bb2 34. Kf2 Bxa3 35. Bc5 Bb2 36. h4 Bd4+ 37. Bxd4+ Rxd4 38. Rb8 Bd5 39. Rb6 Rxb4 40. Rxa6 Rb2 41. Ke3 Bc4 42. Bxc4 bxc4 43. g4 Rh2 44. Rc6 Rxh4 45. Rxc4 Rh1 46. Kf4 Ra1 47. Re4 Ra3 48. g5 Ra5 49. Kg4 Rb5 50. f4 Ra5 51. Re7 Rb5 52. Re3 Ra5 53. Re7 Rb5 54. Rc7 Ra5 55. Rd7 Rb5 56. Rc7 Ra5 57. Rd7 Rb5 58. Rc7 1/2-1/2


[Site "https://www.chess.com"]

[Event "Titled Tuesday Blitz December 20 Early 2022"]
[White "SaiHanThiha"]
[Black "Ezat, Mohamed"]
[BlackFideId "10600906"]
[WhiteElo "2429"]
[BlackElo "2402"]
[Result "1-0"]
[Round "09"]
[TimeControl "180+2"]
[Date "2022.12.20"]
[WhiteClock "0:00:14"]
[BlackClock "0:00:20"]

1. d4 Nf6 2. c4 e6 3. Nf3 d5 4. Nc3 Bb4 5. Qa4+ Nc6 6. Bg5 Bxc3+ 7. bxc3 h6 8. Bxf6 Qxf6 9. e3 Bd7 10. cxd5 exd5 11. Be2 O-O 12. O-O Qd6 13. Qb3 a6 14. a4 Rab8 15. Rfb1 Bf5 16. Rb2 Be4 17. Nd2 Bg6 18. Bf3 Rfd8 19. a5 Ne7 20. c4 c6 21. Rc1 Bf5 22. Qb4 Qf6 23. Qc5 Be6 24. Rcb1 Bf5 25. Rc1 Be6 26. Rc3 dxc4 27. Nxc4 Bd5 28. Be2 Qg6 29. Bf1 f6 30. Qxe7 Re8 31. Qc5 Rbd8 32. Rxb7 Re4 33. Nd2 Rg4 34. f3 Rh4 35. e4 Qg5 36. Rd3 Qh5 37. Qe7 Bf7 38. Qxd8+ Kh7 39. Qe7 Rxh2 40. Qxf7 Rh1+ 41. Kf2 Qh4+ 42. Ke2 Qg5 43. Qxg7+ Qxg7 44. Rxg7+ Kxg7 45. Rc3 Rh5 46. Rxc6 Rxa5 47. Kf2 Ra2 48. Ke3 Ra3+ 49. Bd3 Ra1 50. Rxa6 Rxa6 51. Bxa6 f5 52. e5 h5 53. Kf4 h4 54. Kxf5 h3 55. gxh3 Kh6 56. h4 Kh5 57. e6 Kxh4 58. e7 Kg3 59. e8=Q Kf2 60. f4 Kg3 61. Kg5 Kf2 62. f5 Kg3 63. f6 Kh2 64. f7 Kg3 65. f8=Q Kh2 66. Kf6 Kg3 67. Ke7 Kg4 68. Kd8 Kh4 69. Qg6 1-0


[Site "https://www.chess.com"]

[Event "Titled Tuesday Blitz December 20 Early 2022"]
[White "Salles, Louis"]
[Black "AttilaTurzo"]
[WhiteFideId "20641826"]
[WhiteElo "2287"]
[BlackElo "2578"]
[Result "0-1"]
[Round "09"]
[TimeControl "180+2"]
[Date "2022.12.20"]
[WhiteClock "0:01:26"]
[BlackClock "0:00:36"]

1. d4 Nf6 2. c4 e6 3. Nc3 Bb4 4. Qb3 Nc6 5. e3 O-O 6. Bd3 d5 7. cxd5 exd5 8. Nf3 Re8 9. O-O Bf8 10. h3 Na5 11. Qc2 Nc6 12. a3 Ne7 13. b4 Ng6 14. Bb2 Bd6 15. Nb5 Ne4 16. Bxe4 dxe4 17. Nd2 f5 18. Rac1 c6 19. Nxd6 Qxd6 20. Nc4 Qe7 21. Ne5 Be6 22. Rfd1 Bd5 23. Qc5 Qg5 24. Nxg6 Qxg6 25. Qc3 Rf8 26. Qd2 Qh5 27. Rc5 g5 28. b5 f4 29. exf4 gxf4 30. Re1 Rae8 31. bxc6 bxc6 32. Qa5 f3 33. Qc7 Rf7 34. Qxc6 Rf5 35. Re3 Bxc6 36. Rxc6 Qg5 37. Bc1 Qxg2# 0-1


[Site "https://www.chess.com"]

[Event "Titled Tuesday Blitz December 20 Early 2022"]
[White "Sam_ChessMood"]
[Black "Hsu, Li Yang"]
[BlackFideId "5800080"]
[WhiteElo "2882"]
[BlackElo "2427"]
[Result "1-0"]
[Round "09"]
[TimeControl "180+2"]
[Date "2022.12.20"]
[WhiteClock "0:00:17"]
[BlackClock "0:00:02"]

1. d4 Nf6 2. c4 c5 3. d5 b5 4. cxb5 a6 5. e3 Bb7 6. Nc3 e6 7. e4 exd5 8. exd5 g6 9. Bc4 Bg7 10. Qe2+ Qe7 11. Qxe7+ Kxe7 12. b6 d6 13. a4 a5 14. Bf4 Nbd7 15. Nb5 Ne8 16. O-O-O Nxb6 17. b3 Ba6 18. Nf3 Nxc4 19. bxc4 Bxb5 20. cxb5 Nf6 21. Nd2 Nh5 22. Bg5+ f6 23. Be3 f5 24. Nc4 Nf6 25. Rhe1 Ne4 26. f3 Nc3 27. Bd4+ Kf8 28. Bxc3 Bxc3 29. Re6 Be5 30. Nxe5 dxe5 31. Rxe5 Kf7 32. Kc2 Rhe8 33. f4 Red8 34. Kc3 c4 35. d6 Rac8 36. Rd4 Rd7 37. Rxc4 Rxc4+ 38. Kxc4 Rxd6 39. Kc5 Rd2 40. b6 Rc2+ 41. Kd6 Rxg2 42. b7 Rb2 43. Rb5 1-0


[Site "https://www.chess.com"]

[Event "Titled Tuesday Blitz December 20 Early 2022"]
[White "Sanan_Sjugirov"]
[Black "BahadirOzen"]
[WhiteElo "2933"]
[BlackElo "2853"]
[Result "0-1"]
[Round "09"]
[TimeControl "180+2"]
[Date "2022.12.20"]
[WhiteClock "0:00:04"]
[BlackClock "0:00:04"]

1. e4 d6 2. d4 Nf6 3. Nc3 e5 4. Nge2 c6 5. h3 b5 6. a3 h5 7. g3 Nbd7 8. Bg2 Bb7 9. O-O a5 10. Bg5 Be7 11. f4 b4 12. axb4 axb4 13. Rxa8 Qxa8 14. Nb1 Qa2 15. Nd2 Ba6 16. Nb3 Qxb2 17. fxe5 dxe5 18. Bc1 Qa2 19. d5 cxd5 20. exd5 Bd6 21. Be3 O-O 22. Qd2 Bxe2 23. Ra1 Qb2 24. Qxe2 Rc8 25. Bc1 Qxc2 26. Qxc2 Rxc2 27. Be3 Rc3 28. Nd2 Rxe3 29. Nc4 Bc5 30. Nxe3 Bxe3+ 31. Kf1 Bd4 32. Rb1 Bc3 33. Ke2 Kf8 34. Kd3 Ke7 35. Kc4 Ne8 36. Rd1 Nd6+ 37. Kd3 Nc5+ 38. Kc2 f5 39. g4 hxg4 40. hxg4 g6 41. Rh1 e4 42. gxf5 gxf5 43. Rh6 Nc4 44. Bh3 Na3+ 45. Kd1 Be5 46. Bxf5 b3 47. Rb6 Nc4 48. Rb5 Kd6 49. Ke2 b2 50. Rb8 Na3 51. Rb6+ Kxd5 52. Bh7 b1=Q 53. Bg8+ Kd4 0-1


[Site "https://www.chess.com"]

[Event "Titled Tuesday Blitz December 20 Early 2022"]
[White "Sapon, Ilia"]
[Black "Van der Nat, Nicholas"]
[WhiteFideId "13504746"]
[BlackFideId "14300427"]
[WhiteElo "2074"]
[BlackElo "2362"]
[Result "0-1"]
[Round "09"]
[TimeControl "180+2"]
[Date "2022.12.20"]
[WhiteClock "0:00:04"]
[BlackClock "0:00:02"]

1. e4 e5 2. Nf3 Nc6 3. Bb5 a6 4. Ba4 Nf6 5. d3 b5 6. Bb3 Be7 7. O-O O-O 8. c3 d6 9. Re1 h6 10. Nbd2 Na5 11. Bc2 c5 12. Nf1 Nc6 13. a4 b4 14. Ng3 Re8 15. h3 Bf8 16. Bb3 Be6 17. Bxe6 Rxe6 18. Nh2 d5 19. Qf3 bxc3 20. bxc3 d4 21. c4 Nb4 22. Qe2 Rb8 23. Nf5 Kh7 24. Rf1 g6 25. Ng3 Bd6 26. Nh1 Nh5 27. g3 Re8 28. Ng4 Bf8 29. f4 exf4 30. Bxf4 Nxf4 31. Rxf4 f5 32. Nh2 Bd6 33. Rf2 Qg5 34. Nf3 Qe3 35. Rd1 fxe4 36. dxe4 Rxe4 37. Qf1 Rbe8 38. Kg2 R4e7 39. Re1 Qd3 40. Rxe7+ Rxe7 41. Nh4 Qxf1+ 42. Rxf1 Kg7 43. Nf2 d3 44. Rd1 Re3 45. Ng4 Rxg3+ 46. Kf2 Rxh3 47. Nf3 h5 48. Nge5 Bxe5 49. Nxe5 Rh2+ 50. Kf3 Ra2 51. Ke4 Rxa4 52. Nxd3 Nxd3 53. Kxd3 Ra3+ 54. Ke4 Rg3 55. Ke5 Rg5+ 56. Ke6 h4 57. Rd7+ Kh6 58. Kf6 Rf5+ 59. Ke6 h3 60. Rd3 Rh5 61. Kf6 h2 62. Rd8 Rf5+ 63. Ke6 Kg7 64. Rd7+ Kh6 65. Rd1 Rh5 66. Rh1 Kg5 67. Ke5 Kg4+ 0-1


[Site "https://www.chess.com"]

[Event "Titled Tuesday Blitz December 20 Early 2022"]
[White "Schless, Sebastian"]
[Black "wonderfultime"]
[WhiteFideId "4697987"]
[WhiteElo "2056"]
[BlackElo "3066"]
[Result "1-0"]
[Round "09"]
[TimeControl "180+2"]
[Date "2022.12.20"]
[WhiteClock "0:00:12"]
[BlackClock "0:00:02"]

1. e4 c5 2. Nc3 Nc6 3. Nf3 g6 4. d4 cxd4 5. Nxd4 Bg7 6. Be3 Nf6 7. Bc4 O-O 8. Bb3 Qa5 9. O-O d6 10. h3 Bd7 11. Re1 Rac8 12. Nd5 Nxd5 13. exd5 Ne5 14. Qe2 b5 15. c3 Rfe8 16. f4 Nc4 17. Bf2 Qc7 18. Rad1 a5 19. a3 Qb7 20. Nf3 e5 21. dxe6 Rxe6 22. Qc2 Rxe1+ 23. Rxe1 Bc6 24. Nh4 Bf6 25. Kh2 Bd5 26. Qd3 Qc6 27. Rd1 Be4 28. Qe2 d5 29. Nf3 Bxf3 30. Qxf3 Nxb2 31. Rxd5 a4 32. Ba2 Qxc3 33. Qxc3 Rxc3 34. Rxb5 Rxa3 35. Rb8+ Kg7 36. Bc5 Be7 37. Bxa3 Bxa3 38. Rb7 Nd3 39. Rxf7+ Kh6 40. g3 Bc5 41. Rd7 1-0


[Site "https://www.chess.com"]